 Dungeon Crawl Stone Soup version 0.29.1-2-gbd0b4ee654 (webtiles) character file.

Game seed: 12363560543552187465

480 safid the Shooter (level 6, -2/52 HPs)
             Began as a Minotaur Hunter on Nov 22, 2022.
             Slain by a hound (3 damage)
             ... on level 6 of the Dungeon.
             The game lasted 00:07:29 (2795 turns).

safid the Shooter (Minotaur Hunter)                 Turns: 2795, Time: 00:07:30

Health: -2/52      AC:  4    Str: 15    XL:     6   Next: 86%
Magic:  5/5        EV: 12    Int:  6    God:
Gold:   1          SH:  0    Dex: 16    Spells: 5/5 levels left

rFire   . . .      SeeInvis .   a - +0 shortbow
rCold   . . .      Faith    .   (shield currently unavailable)
rNeg    . . .      Spirit   .   c - +0 leather armour
rPois   .          Reflect  .   (helmet restricted)
rElec   .          Harm     .   (no cloak)
rCorr   .          Rampage  .   k - +0 pair of gloves
Will    .....      Rage     3%  (no boots)
Stlth   +.........              (no amulet)
HPRegen 0.17/turn               (no ring)
MPRegen 0.09/turn               (no ring)

@: mighty, lethally poisoned (-2 -> -6), flying, invisible
A: horns 2, retaliatory headbutt, berserk 1, frail 1
a: no special abilities


You were on level 6 of the Dungeon.
You visited 1 branch of the dungeon, and saw 4 of its levels.
You also visited: Sewer.

You collected 141 gold pieces.
You spent 140 gold pieces at shops.

Inventory:

Hand Weapons
 a - a +0 shortbow (weapon)
Armour
 c - a +0 leather armour (worn)
 k - a +0 pair of gloves (worn)
Jewellery
 n - a ring of positive energy
Scrolls
 b - a scroll of immolation
 d - 3 scrolls of blinking {unknown}
 e - 3 scrolls of fear
 g - 2 scrolls of enchant armour {unknown}
 h - 4 scrolls of teleportation
 j - a scroll of amnesia {unknown}
 l - a scroll of noise {unknown}
 o - a scroll of enchant weapon {unknown}
 r - a scroll of summoning {unknown}
 t - 2 scrolls of identify
Potions
 f - 2 potions of cancellation
 i - a potion of mutation
 s - a potion of haste {unknown}


   Skills:
 + Level 6.5 Fighting
 + Level 7.1 Ranged Weapons
 - Level 2.1 Dodging
 - Level 0.7 Stealth


You had 5 spell levels left.
You didn't know any spells.
Your spell library contained the following spells:

 Spells                   Type           Power      Damage    Failure   Level
 Beastly Appendage        Tmut           0%         N/A       52%         1
 Magic Dart               Conj           0%         1d3       52%         1
 Shock                    Conj/Air       0%         1d3       52%         1
 Call Imp                 Summ           0%         N/A       67%         2
 Static Discharge         Conj/Air       0%         3-3/arc   67%         2
 Wereblood                Tmut           0%         N/A       67%         2
 Mephitic Cloud           Conj/Pois/Air  0%         N/A       88%         3
 Spider Form              Tmut/Pois      0%         N/A       88%         3
 Swiftness                Air            0%         N/A       88%         3
 Airstrike                Air            0%         2d(0-16)  99%         4
 Dispel Undead            Necr           0%         3d6       99%         4
 Sticky Flame             Conj/Fire      0%         2d3       99%         4


Dungeon Overview and Level Annotations

Branches:
Dungeon (3/15)              Sewer (visited)

Altars:
Fedhas
Yredelemnul
The Shining One

Shops:
D:2 :   D:3 ?


Innate Abilities, Weirdness & Mutations

You have a pair of horns on your head.
You reflexively headbutt those who attack you in melee.
You sometimes lose your temper in combat.
You are frail. (-10% HP)


Message History

Press: ? - help, Q - select action Shift-Dir - straight line, f - white imp
Aim: a white imp (lightly wounded, 66% to hit)
You shoot an arrow. The arrow hits the white imp.
The white imp is heavily wounded.
You feel very sick. The hound bites you but does no damage.
The white imp hits you. The white imp freezes you.
* * * LOW HITPOINT WARNING * * *
Unknown command.
It was a potion of cancellation.
You feel magically purged.
* * * LOW HITPOINT WARNING * * *
You feel very sick.
The hound barely misses you. x2; The white imp hits you.
* * * LOW HITPOINT WARNING * * *
The white imp freezes you.
* * * LOW HITPOINT WARNING * * *
It was a potion of mutation.
You feel extremely strange.
You feel a little pissed off.
You feel frail.
* * * LOW HITPOINT WARNING * * *
You feel sick. The hound bites you but does no damage.
The white imp closely misses you.
Unknown command.
It was a potion of flight.
You feel very buoyant.
You fly up into the air.
* * * LOW HITPOINT WARNING * * *
You feel sick. The hound closely misses you. The hound barely misses you.
You furiously retaliate!
You headbutt the hound, but do no damage.
The white imp hits you but does no damage.
It was a potion of invisibility.
You fade into invisibility!
* * * LOW HITPOINT WARNING * * *
You feel sick. The hound barely misses you.
The white imp hits you but does no damage.
It was a potion of might.
You feel very mighty all of a sudden.
* * * LOW HITPOINT WARNING * * *
You feel sick. The hound bites you.
You die...

.## .#...#
#..###.....#..
......[......
##............
##....^........
+..............
###............
###............
........@5......
..........h......
#................
#.###............
#. #............
####..>......
..#....... ..
.......


You could see a hound and a white imp (unable to see you).

Vanquished Creatures
  A kobold brigand (Sewer)
  A scorpion (D:6)
  A gnoll bouda (D:3)
  Terence (D:2)
  Jessica (D:2)
  4 gnolls
  11 adders
  4 river rats (Sewer)
  4 worms
  6 orcs (D:3)
  6 bats
  6 endoplasms
  3 giant cockroaches
  9 goblins
  4 hobgoblins
  2 jackals (Sewer)
  3 quokkas
  7 ball pythons
  5 frilled lizards
  8 kobolds
  5 rats
92 creatures vanquished.

Vanquished Creatures (others)
  A rat (D:3)
  37 plants
38 creatures vanquished.

Grand Total: 130 creatures vanquished

Notes
Turn   | Place    | Note
-------+----------+-------------------------------------------
     0 | D:1      | safid the Minotaur Hunter began the quest for the Orb.
     0 | D:1      | Reached XP level 1. HP: 18/18 MP: 0/0
   176 | D:1      | Reached XP level 2. HP: 26/26 MP: 1/1
   353 | D:1      | Reached skill level 5 in Ranged Weapons
   353 | D:1      | Reached XP level 3. HP: 31/31 MP: 2/2
   521 | D:1      | Found a faded altar of an unknown god.
   583 | D:2      | Noticed Jessica
   590 | D:2      | Killed Jessica
   591 | D:2      | Reached XP level 4. HP: 38/40 MP: 3/3
   642 | D:2      | Found Xajuadgh's Book Shop.
   904 | D:2      | Noticed Terence
   923 | D:2      | Killed Terence
  1361 | D:3      | Reached XP level 5. HP: 47/47 MP: 4/4
  1376 | D:3      | Found a basalt altar of Yredelemnul.
  1418 | D:3      | Found a glowing golden altar of the Shining One.
  1420 | D:3      | Noticed an angel
  1452 | D:3      | Reached skill level 5 in Fighting
  1452 | D:3      | Reached skill level 6 in Ranged Weapons
  1456 | D:3      | HP: 1/48 [gnoll/+0 spear[a gnoll bouda] (3)]
  1685 | D:3      | Reached XP level 6. HP: 27/56 MP: 5/5
  1686 | D:3      | Found a glowing drain.
  1698 | Sewer    | Entered a sewer
  2656 | D:3      | Found Labbamou's Magic Scroll Shoppe.
  2660 | D:3      | Bought a scroll of identify for 20 gold pieces
  2660 | D:3      | Bought a scroll of identify for 20 gold pieces
  2660 | D:3      | Bought a scroll of teleportation for 30 gold pieces
  2660 | D:3      | Bought a scroll of teleportation for 30 gold pieces
  2660 | D:3      | Bought a scroll of fear for 40 gold pieces
  2766 | D:3      | Found a blossoming altar of Fedhas.
  2777 | D:3      | You fall into a shaft and drop 3 floors!
  2790 | D:6      | Reached skill level 7 in Ranged Weapons
  2792 | D:6      | Gained mutation: You sometimes lose your temper in combat.
                  | [potion of mutation]
  2792 | D:6      | Gained mutation: You are frail. (-10% HP) [potion of
                  | mutation]
  2793 | D:6      | HP: 2/52 [poisoned by a scorpion]
  2795 | D:6      | Slain by a hound

Illustrated notes

Levels and vault maps discovered:
D:1:      lemuel_arrival_muddy, layout_basic, ebering_ecumenical_altar_rust,
          minmay_misc_feat_plants, minmay_door_square, minmay_tetromino_t2
D:2:      layout_rooms, serial_bayou, serial_bayou_lake_a,
          serial_bayou_lagoon_a, serial_bayou_ford_a, serial_bayou_pond_a,
          serial_shops, nicolae_shop_statue_plus, uniq_terence, uniq_jessica
D:3:      layout_rooms, grunt_temple_overflow_holy_war, tgw_fedhas,
          serial_shops, shop, gup_sewer_entry_bubbles, minmay_goblin_outpost
D:6:      layout_rooms, grunt_temple_overflow_diamond, minmay_crystal_water,
          kennysheep_nondescript

Skill      XL: |  1  2  3  4  5  6 |
---------------+-------------------+-----
Fighting       | 3 4 5 6 |  6.5
Ranged Weapons | 5 6 7 |  7.1
Dodging        | |  2.1
Stealth        | |  0.7

Action                   |  1- 3 |  4- 6 || total
-------------------------+-------+-------++-------
 Fire: Shortbow          |    72 |   224 ||   296
  Use: Potion            |       |     5 ||     5
Armor: Leather armour    |     8 |    39 ||    47
Dodge: Dodged            |    14 |    57 ||    71
